 Dungeon Crawl Stone Soup version 0.30-a0-743-gbfdf073431 (webtiles) character file.

Game seed: 6077016630548186351

42667 mistaj the Grappler (level 13, -1/211 HPs)
             Began as a Troll Berserker on Feb 4, 2023.
             Was a High Priest of Trog.
             Slain by a death yak (9 damage)
             ... on level 4 of the Lair of Beasts on Feb 6, 2023.
             The game lasted 00:30:55 (15136 turns).

mistaj the Grappler (Troll Berserker)              Turns: 15136, Time: 00:30:55

Health: -1/211     AC: 18    Str: 30    XL:     13   Next: 86%
Magic:  12/12      EV: 12    Int:  5    God:    Trog [*****.]
Gold:   952        SH: 15    Dex:  9    Spells: 12/12 levels left

rFire   + + .      SeeInvis .      - Unarmed
rCold   . . .      Faith    .    F - +0 kite shield
rNeg    . . .      Spirit   .    s - +1 fire dragon scales
rPois   .          Reflect  +    y - +2 hat
rElec   .          Harm     .    L - +1 cloak
rCorr   .          Rampage  .    (gloves unavailable)
Will    .....                    (boots unavailable) Stlth
                                 J - amulet of reflection
HPRegen 1.35/turn                f - +5 ring of evasion
MPRegen 0.13/turn                A - ring of protection from cold

@: berserking (expiring), very quick
A: large, unfitting armour, claws 3, regeneration 1, shaggy fur 1, tough skin 1
a: Renounce Religion, Berserk, Trog's Hand, Brothers in Arms


You were on level 4 of the Lair of Beasts.
You worshipped Trog.
Trog was extremely pleased with you.
You visited 2 branches of the dungeon, and saw 16 of its levels.
You also visited: Volcano.

You collected 1144 gold pieces.
You spent 192 gold pieces at shops.

Inventory:

Hand Weapons
 x - a +5 falchion of draining
 E - a +1 scimitar of flaming
Missiles
 k - 13 javelins (quivered)
 r - 3 throwing nets
Armour
 s - +1 fire dragon scales (worn)
 y - a +2 hat (worn)
 F - a +0 kite shield (worn)
 L - a +1 cloak (worn)
Jewellery
 c - a ring of willpower
 f - a +5 ring of evasion (left claw)
 q - a ring of poison resistance
 A - a ring of protection from cold (right claw)
 G - a ring of willpower
 J - an amulet of reflection (around neck)
 M - the ring of the Scarab {Fly rCorr}
   (You found it on level 3 of the Lair of Beasts)

   [ring of resist corrosion]

   Fly:       It grants you flight.
   rCorr:     It protects you from acid and corrosion.
Wands
 g - a wand of paralysis (11)
 h - a wand of flame (49)
 n - a wand of polymorph (11)
 p - a wand of roots (10)
 B - a wand of digging (6)
 D - a wand of quicksilver (3)
 K - a wand of mindburst (7)
Scrolls
 a - 2 scrolls of enchant weapon
 b - 5 scrolls of teleportation
 t - 2 scrolls of blinking
 u - a scroll of fog
 z - 4 scrolls of fear
Potions
 d - 2 potions of flight
 e - a potion of berserk rage {unknown}
 i - 5 potions of attraction
 j - a potion of resistance
 l - 10 potions of curing
 m - a potion of lignification {unknown}
 o - 6 potions of mutation
 v - a potion of cancellation {unknown}
 w - 6 potions of heal wounds
 H - 2 potions of might {unknown}
 N - 3 potions of haste
 O - 2 potions of ambrosia {unknown}


   Skills:
 + Level 12.6 Fighting
 - Level 7.4 Armour
 - Level 2.4 Dodging
 + Level 8.8 Shields
 + Level 14.9 Unarmed Combat


You had 12 spell levels left.
You didn't know any spells.
Your spell library was empty.

Dungeon Overview and Level Annotations

Branches:
Dungeon (11/15)            Temple (0/1) D:4            Lair (5/5) D:11
  Swamp (0/4) Lair:2       Spider (0/4) Lair:2          Orc (0/2) D:9
Volcano (visited)
  Slime: Lair:4-5

Altars:
Sif Muna
Uskayaw
Xom

Shops:
D:1 (   D:4 !   D:8 [

Annotations:
Lair:3 2 transporters, Koopt's ghost, journeyman GrFi


Innate Abilities, Weirdness & Mutations

You are too large for most types of armour.
You have claws for hands.
Your natural rate of healing is unusually fast.
You are covered in fur. (AC +1)
You have tough skin. (AC +1)


Message History

You block the 11-headed hydra's attack. The 11-headed hydra bites you!
* * * LOW HITPOINT WARNING * * *
You claw one of the 11-headed hydra's heads off!
The ten-headed hydra grows two more!
You eviscerate the 12-headed hydra!!!
You kill the 12-headed hydra!
Trog accepts your kill.
The dream sheep bites you but does no damage.
The dream sheep bites you.
* * * LOW HITPOINT WARNING * * *
The endoplasm freezes you.
You are frozen.
* * * LOW HITPOINT WARNING * * *
The endoplasm freezes you.
You are frozen.
* * * LOW HITPOINT WARNING * * *
You block the death yak's attack. The dream sheep barely misses you.
You see here a hydra corpse.
You claw the dream sheep!
The dream sheep is severely wounded.
The dream sheep bites you!
* * * LOW HITPOINT WARNING * * *
The endoplasm misses you. You block the dream sheep's attack.
You mangle the dream sheep!!
You kill the dream sheep!
Trog accepts your kill.
You claw the dream sheep!
The dream sheep is severely wounded.
The dream sheep bites you but does no damage.
The dream sheep bites you.
* * * LOW HITPOINT WARNING * * *
The endoplasm freezes you.
You are frozen.
* * * LOW HITPOINT WARNING * * *
You barely miss the dream sheep.
The dream sheep is severely wounded.
The dream sheep bites you but does no damage.
The dream sheep bites you.
* * * LOW HITPOINT WARNING * * *
You block the endoplasm's attack. The death yak gores you!
You die...

...............#.................
......!........#................#
...P...........#P..........######
......................~~.~..##
.........##..........~~~≈~~~.##
........#...........~~≈≈≈≈≈~~.##
........##...#.....~~~~≈~~≈≈~~.#
........###.##..YJ..~≈≈...~≈≈.##
P.......######..@Y.~≈≈≈.<.~≈~.#
.........# #..JY÷.~≈≈~.~≈≈~~##
.........# ###.....~~≈~~~≈~~~.#
........#####.#PP...~~≈≈≈≈~~~.##
........##..#.###...~.~~~≈~~.P###
#.........##..........~...~......
.................................
.................................
.................................


You could see a death yak, 2 dream sheep and 2 endoplasms.

Vanquished Creatures
  Nessos (Lair:3)
  A fire dragon (Volcano)
  Fannar (Lair:3)
  Erolcha (D:10)
  4 hydras
  Erica (D:9)
  A two-headed ogre (D:8)
  A hell hog (Volcano)
  Urug (Lair:2)
  Nergalle (Lair:2)
  6 death yaks
  2 lindwurms (Lair:3)
  A necromancer (D:9)
  4 oklob plants (Lair:4)
  Maurice (D:9)
  5 elephants (Lair:4)
  3 black mambas
  6 cane toads
  2 molten gargoyles (Volcano)
  2 gargoyles
  Psyche (D:8)
  Maggie (D:7)
  6 komodo dragons
  2 rime drakes (Lair:3)
  2 polar bears
  2 trolls (D:11)
  5 blink frogs
  10 dream sheep (Lair:4)
  2 shadows (D:9)
  A jumping spider (Lair:2)
  2 wraiths
  3 wyverns
  6 fire bats (Volcano)
  A vampire (D:11)
  45 yaks
  3 basilisks
  2 steam dragons (Volcano)
  3 acid dragons
  A hell hound (Volcano)
  9 water moccasins
  3 orc warriors
  A sky beast (D:7)
  3 black bears
  6 wolves
  9 centaurs
  A phantom (D:4)
  A kobold brigand (D:9)
  8 bullfrogs
  A necrophage (D:6)
  2 gnoll sergeants
  3 scorpions
  13 wights
  4 killer bees (D:7)
  5 howler monkeys
  3 electric eels (D:11)
  7 lava snakes (Volcano)
  11 hounds
  6 orc priests
  2 jellies
  6 orc wizards
  Ijyb (D:2)
  Natasha (thrice) (D:3)
  6 iguanas
  2 hell rats (Lair:1)
  A polar bear simulacrum (D:9)
  5 yak simulacra (D:9)
  A wolf simulacrum (D:9)
  13 gnolls
  7 adders
  10 river rats (Lair:1)
  A shadow imp (D:6)
  4 white imps
  4 worms
  6 dart slugs
  30 orcs
  10 endoplasms
  5 giant cockroaches
  7 hobgoblins
  4 jackals (D:3)
  3 quokkas
  5 ball pythons
  8 bats
  4 frilled lizards
  16 goblins
  9 kobolds
  6 rats
  2 river rat simulacra (D:9)
420 creatures vanquished.

Vanquished Creatures (others)
  13 fungi
  14 plants
  7 toadstools (D:1)
34 creatures vanquished.

Grand Total: 454 creatures vanquished

Notes
Turn   | Place    | Note
-------+----------+-------------------------------------------
     0 | D:1      | mistaj the Troll Berserker began the quest for the Orb.
     0 | D:1      | Reached XP level 1. HP: 22/22 MP: 0/0
   167 | D:1      | Reached XP level 2. HP: 29/29 MP: 1/1
   329 | D:1      | Found Daownasyfu's Antique Weapon Shop.
   409 | D:1      | Reached XP level 3. HP: 36/37 MP: 2/2
   739 | D:2      | Reached ** piety under Trog
   774 | D:2      | Upgraded the game from 0.30-a0-739-gea05faddec to
                  | 0.30-a0-743-gbfdf073431
   786 | D:2      | Noticed Ijyb
   801 | D:2      | Killed Ijyb
   802 | D:2      | Reached skill level 4 in Unarmed Combat
   802 | D:2      | Reached XP level 4. HP: 45/45 MP: 3/3
  1233 | D:2      | Reached XP level 5. HP: 47/54 MP: 4/4
  1795 | D:3      | Noticed Natasha
  1821 | D:3      | Killed Natasha
  1867 | D:3      | Reached skill level 5 in Unarmed Combat
  1876 | D:3      | Reached *** piety under Trog
  1879 | D:3      | Reached XP level 6. HP: 15/62 MP: 5/5
  2147 | D:3      | Noticed Natasha
  2154 | D:3      | Killed Natasha
  2274 | D:3      | Noticed Natasha
  2281 | D:3      | Killed Natasha
  2664 | D:4      | Found a shimmering altar of Xom.
  2723 | D:4      | Found a staircase to the Ecumenical Temple.
  2831 | D:4      | Found Jiptat's Distillery.
  2842 | D:4      | Reached skill level 5 in Fighting
  2842 | D:4      | Reached skill level 6 in Unarmed Combat
  2842 | D:4      | Reached XP level 7. HP: 63/72 MP: 6/6
  3451 | D:5      | Entered Level 5 of the Dungeon
  3463 | D:4      | Reached skill level 1 in Armour
  3785 | D:5      | Reached XP level 8. HP: 80/83 MP: 7/7
  3786 | D:5      | Reached **** piety under Trog
  3818 | D:5      | Noticed a two-headed ogre
  3849 | D:5      | Reached skill level 7 in Unarmed Combat
  4081 | D:6      | You fall into a shaft and drop 2 floors!
  4103 | D:8      | Noticed a two-headed ogre
  4106 | D:8      | Noticed a five-headed hydra
  4112 | D:8      | Killed a two-headed ogre
  4113 | D:8      | Reached skill level 8 in Unarmed Combat
  4133 | D:8      | Found Qaeghed's Armour Emporium.
  4170 | D:8      | Reached XP level 9. HP: 92/92 MP: 8/8
  4192 | D:8      | Bought a +2 hat for 192 gold pieces
  5450 | D:7      | Reached skill level 9 in Unarmed Combat
  5517 | D:7      | Noticed Maggie
  5533 | D:7      | Killed Maggie
  5534 | D:7      | Reached skill level 5 in Armour
  5885 | D:8      | Found a shimmering blue altar of Sif Muna.
  5957 | D:8      | Noticed Psyche
  5984 | D:8      | Killed Psyche
  5985 | D:8      | Reached XP level 10. HP: 17/104 MP: 9/9
  6315 | D:8      | Killed a five-headed hydra
  6490 | D:9      | Found a staircase to the Orcish Mines.
  6505 | D:8      | Reached skill level 10 in Unarmed Combat
  6571 | D:9      | Noticed Maurice
  6581 | D:9      | Killed Maurice
  6959 | D:9      | Reached ***** piety under Trog
  7223 | D:9      | Noticed Erica
  7234 | D:9      | Killed Erica
  7286 | D:9      | Noticed a necromancer
  7299 | D:9      | HP: 7/150 [??? (5)]
  7302 | D:9      | Killed a necromancer
  7303 | D:9      | Reached XP level 11. HP: 9/113 MP: 10/10
  7506 | D:9      | Received a gift from Trog
  7759 | D:9      | Reached skill level 11 in Unarmed Combat
  7836 | D:10     | Entered Level 10 of the Dungeon
  7925 | D:10     | Found a hide-covered altar of Uskayaw.
  8124 | D:10     | Noticed Erolcha
  8129 | D:10     | Killed Erolcha
  8869 | D:11     | Reached skill level 10 in Fighting
  8879 | D:11     | Reached skill level 1 in Shields
  8935 | D:11     | Reached skill level 12 in Unarmed Combat
  9707 | D:11     | Found a staircase to the Lair.
 10138 | Lair:1   | Entered Level 1 of the Lair of Beasts
 10188 | Lair:1   | Reached XP level 12. HP: 121/127 MP: 11/11
 10951 | Lair:2   | Found a hole to the Spider Nest.
 11000 | Lair:2   | Found a staircase to the Swamp.
 11173 | Lair:2   | Reached skill level 5 in Shields
 11195 | Lair:2   | Noticed a death yak
 11195 | Lair:2   | Noticed a death yak
 11195 | Lair:2   | Noticed a death yak
 11204 | Lair:2   | Noticed a death yak
 11212 | Lair:1   | Killed a death yak
 11213 | Lair:1   | Reached skill level 13 in Unarmed Combat
 11362 | Lair:2   | Noticed Urug
 11370 | Lair:2   | Killed Urug
 11608 | Lair:2   | Noticed Nergalle
 11623 | Lair:2   | Killed Nergalle
 11638 | Lair:2   | Noticed a death yak
 11644 | Lair:2   | Killed a death yak
 11653 | Lair:2   | Killed a death yak
 11666 | Lair:2   | Killed a death yak
 11674 | Lair:2   | Killed a death yak
 11932 | Lair:3   | Identified the ring of the Scarab {Fly rCorr}
 11979 | Lair:3   | Noticed Koopt's ghost (journeyman GrFi)
 12012 | Lair:3   | Found a dark tunnel.
 12027 | Volcano  | Entered a volcano
 12058 | Volcano  | Identified the +12 falchion of Jah Roatehu {heavy, Fragile
                  | Str+3} (Trog gifted it to you in a volcano)
 12058 | Volcano  | Received a gift from Trog
 12207 | Volcano  | Found a bloodstained altar of Trog.
 12207 | Volcano  | Noticed a hell hog
 12221 | Volcano  | Killed a hell hog
 12270 | Volcano  | Noticed a fire dragon
 12274 | Volcano  | Killed a fire dragon
 12275 | Volcano  | Reached XP level 13. HP: 134/139 MP: 12/12
 12534 | Lair:3   | Noticed Fannar
 12587 | Lair:3   | Killed Fannar
 12714 | Lair:3   | Reached skill level 14 in Unarmed Combat
 12745 | Lair:3   | Noticed Nessos
 12754 | Lair:3   | Killed Nessos
 12792 | Lair:3   | Found a transporter.
 12795 | Lair:3   | Found a transporter.
 14508 | Lair:5   | Entered Level 5 of the Lair of Beasts
 14788 | Lair:5   | Received a gift from Trog
 15135 | Lair:4   | HP: 10/211 [frozen (5)]
 15136 | Lair:4   | Slain by a death yak

Illustrated notes

Levels and vault maps discovered:
D:1:      nagdon_arrival_double_spiral, layout_loops_ring, serial_shops,
          nicolae_shop_advertising_works [nicolae_subvault_shop_adworks],
          grunt_decor_cap
D:2:      kennysheep_the_goblin_king, layout_basic, kennysheep_cross_bottleneck
D:3:      layout_basic, minmay_between, uniq_natasha
D:4:      layout_gridville, mainiacjoe_overflow_chevrons,
          minmay_temple_entry_drinking_statues, serial_shops, shop
D:5:      layout_rooms, nicolae_sextant, lightli_corner_chamber
D:6:      minmay_evil_eye, layout_basic
D:7:      layout_cave_pools, uniq_maggie
D:8:      layout_basic, mainiacjoe_overflow_brackets, nicolae_stop_n_shop_2,
          small_chamber_with_monster, uniq_psyche
D:9:      layout_irregular_city, orc_david_3, eino_house_with_fridge,
          uniq_erica, uniq_maurice
D:10:     layout_cave_pods, mainiacjoe_overflow_tiny_flanked, uniq_erolcha
D:11:     layout_basic, erik_lair_island, kennysheep_generic_room_3
Lair:1:   layout_gridlike, kennysheep_rathole
Lair:2:   layout_long_grid, swamp_mist, spider_nest_entry_a,
          lemuel_old_faithful, uniq_nergalle, uniq_urug
Lair:3:   layout_cave_pods, nicolae_volcano_entry_lava_flow, nzn_ghost_randoct,
          nicolae_lair_lindhole, uniq_fannar, uniq_nessos
Lair:4:   minmay_lair_oklob_chamber, layout_hall_layers, grunt_megastairs_4,
          infiniplex_staircase_pool_2
Lair:5:   evilmike_catoblepas_cave, layout_cave_pods,
          nicolae_slime_entry_slimehenge

Skill      XL: |  1  2  3  4  5  6  7  8  9 10 11 12 13 |
---------------+----------------------------------------+-----
Fighting       | 3 4 5 6 8 9 10 11 12 | 12.6
Unarmed Combat | 4 5 6 8 9 10 12 13 14 | 14.9
Armour         | 1 3 5 7 |  7.4
Shields        | 3 6 8 |  8.8
Dodging        | |  2.4

Action                     |  1- 3 |  4- 6 |  7- 9 | 10-12 | 13-15 || total
---------------------------+-------+-------+-------+-------+-------++-------
  Melee: Unarmed           |    60 |   150 |   257 |   665 |   264 ||  1396
         Punch             |     1 |     2 |     7 |    19 |       ||    29
         Flail             |       |       |       |     5 |       ||     5
 Invoke: Berserk           |       |       |     1 |     5 |     5 ||    11
    Use: Scroll            |       |     5 |    10 |     5 |     2 ||    22
   Stab: Sleeping          |     1 |     1 |       |       |       ||     2
 Armour: Animal skin       |     9 |       |       |       |       ||     9
         Robe              |     2 |    47 |     4 |       |       ||    53
         Fire dragon scale |       |       |    93 |   284 |   112 ||   489
  Dodge: Dodged            |    25 |    77 |   178 |   324 |   105 ||   709
  Block: Kite shield       |       |       |       |   243 |   186 ||   429
         Reflection        |       |       |       |     1 |     9 ||    10

Table legend: (Time is in decaauts)
 A = Elapsed time spent in this place.
 B = Non-inter-level travel time spent in this place.
 C = Inter-level travel time spent in this place.
 D = Time resting spent in this place.
 E = Time spent auto-exploring this place.
 F = Levels seen in this place.
 G = Mean time per level.
                   A        B        C        D        E       F      G
               +--------+--------+--------+--------+--------+-----+--------+
         Total |  15049 |  14449 |    600 |   2915 |   7835 |  17 |  885.2 |
       Dungeon |  10074 |   9603 |    471 |   1647 |   5602 |  11 |  915.8 |
          Lair |   4662 |   4533 |    129 |   1246 |   2233 |   5 |  932.4 |
       Volcano |    313 |    313 |      0 |     21 |      0 |   1 |  313.0 |
               +--------+--------+--------+--------+--------+-----+--------+

Top non-repeatable levels by time:
  Lair:4: 1707 daAuts
    D:11: 1287 daAuts
     D:9: 1148 daAuts
  Lair:3: 1103 daAuts
     D:2: 1057 daAuts
     D:8: 1042 daAuts
     D:6: 1015 daAuts
    D:10: 993 daAuts
  Lair:1: 902 daAuts
     D:3: 885 daAuts
  Lair:2: 872 daAuts
     D:4: 801 daAuts
     D:1: 708 daAuts
     D:5: 624 daAuts
     D:7: 510 daAuts
